 Dungeon Crawl Stone Soup version 0.27-a0-1325-g58a489ad9e (webtiles) character file.

Game seed: 5674911805582724782

94974 dolemite99 the Grappler (level 15, -5/149 (152) HPs)
             Began as a Troll Earth Elementalist on June 25, 2021.
             Was a High Priest of Wu Jian.
             Slain by Saint Roka (9 damage)
             ... on level 2 of the Orcish Mines.
             The game lasted 00:40:04 (26797 turns).

dolemite99 the Grappler (Troll Earth Elementalist) Turns: 26797, Time: 00:40:05

HP:   -5/149 (152)  AC: 23    Str: 23    XL:     15   Next: 65%
MP:   15/15         EV:  8    Int: 10    God:    Wu Jian [*****.]
Gold: 2522          SH: 16    Dex: 10    Spells: 16/16 levels left

rFire    . . .     SeeInvis .     - Unarmed
rCold    + . .     Faith    .   V - +0 kite shield "Niluruf" {rPois}
rNeg     + + .     Spirit   .   d - +10 pearl dragon scales
rPois    +         Reflect  +   (helmet restricted)
rElec    .         Harm     .   a - +1 cloak
rCorr    .         Rampage  .   (gloves unavailable)
Will     ++...                  (boots unavailable)
Stlth    ..........             g - amulet of reflection
HPRegen  1.34/turn              y - +4 ring of slaying
MPRegen  0.14/turn              b - ring "Meitih" {rC+ rN+ Will+ Int-3, =R}

@: mighty, lightly drained
A: large, unfitting armour, claws 3, regeneration 1, shaggy fur 1, tough skin 1,
deformed body
a: Renounce Religion, Wall Jump, Serpent's Lash, Heavenly Storm


You were on level 2 of the Orcish Mines.
You worshipped Wu Jian.
Wu Jian was extremely pleased with you.
You visited 3 branches of the dungeon, and saw 21 of its levels.

You collected 2522 gold pieces.

Inventory:

Hand Weapons
 B - a +2 spectral falchion
Missiles
 c - 369 stones
 n - 17 boomerangs
 r - 31 poisoned darts
 J - 5 boomerangs of dispersal
 R - 5 curare-tipped darts
 Z - 4 large rocks (quivered)
Armour
 a - a +1 cloak (worn)
 d - +10 pearl dragon scales (worn)
 V - the +0 kite shield "Niluruf" (worn) {rPois}
   (You found it on level 3 of the Lair of Beasts)

   It protects you from poison.
Jewellery
 b - the ring "Meitih" (right claw) {rC+ rN+ Will+ Int-3, =R}
   (You acquired it on level 7 of the Dungeon)

   [ring of willpower]

   It affects your intelligence (-3).
   It protects you from cold.
   It protects you from negative energy.
   It increases your willpower.
 f - a ring of fire
 g - an amulet of reflection (around neck)
 o - a ring of resist corrosion
 y - a +4 ring of slaying (left claw)
 D - a ring of ice
 I - a +4 ring of evasion
 S - an amulet of guardian spirit
 W - an amulet of regeneration
Wands
 k - a wand of paralysis (4)
 u - a wand of iceblast (25)
 K - a wand of digging (5)
 M - a wand of polymorph (4)
 Y - a wand of mindburst (10)
Scrolls
 h - a scroll of teleportation
 i - 2 scrolls of immolation
 p - a scroll of brand weapon
 x - 4 scrolls of magic mapping
 C - 2 scrolls of blinking
 G - a scroll of fog
 N - 3 scrolls of amnesia
 O - a scroll of silence
 Q - 2 scrolls of vulnerability
 U - a scroll of identify {@r1}
 X - a scroll of holy word
Potions
 j - a potion of invisibility
 m - 4 potions of lignification
 q - 6 potions of curing
 s - a potion of ambrosia
 v - 2 potions of heal wounds
 w - a potion of berserk rage
 z - 2 potions of haste
 A - 2 potions of cancellation
 E - a potion of flight
 F - 10 potions of attraction
 H - a potion of resistance
 L - 4 potions of might
 P - a potion of brilliance
 T - a potion of magic
Miscellaneous
 t - a box of beasts (inert)


   Skills:
 - Level 10.6 Fighting
 + Level 11.0 Throwing
 - Level 10.0 Armour
 - Level 1.5 Dodging
 - Level 1.0 Stealth
 - Level 9.0 Shields
 - Level 13.0 Unarmed Combat
 - Level 1.2 Spellcasting
 - Level 0.6 Transmutations
 - Level 2.6 Earth Magic
 - Level 7.7 Evocations


You had 16 spell levels left.
You didn't know any spells.
Your spell library contained the following spells:

 Spells                   Type           Power      Damage    Failure   Level
 Sandblast                Erth           12%        2d6       28%         1
 Passwall                 Tmut/Erth      2%         N/A       54%         2
 Summon Small Mammal      Summ           0%         N/A       65%         1
 Blink                    Tloc           N/A        N/A       78%         2
 Call Imp                 Summ           0%         N/A       78%         2
 Poisonous Vapours        Pois/Air       0%         N/A       78%         2
 Stone Arrow              Conj/Erth      6%         3d7       83%         3
 Call Canine Familiar     Summ           0%         N/A       95%         3
 Conjure Flame            Conj/Fire      0%         6-21      95%         3
 Gell's Gravitas          Tloc           0%         N/A       95%         3
 Lesser Beckoning         Tloc           0%         N/A       95%         3
 Mephitic Cloud           Conj/Pois/Air  0%         N/A       95%         3
 Summon Guardian Golem    Hex/Summ       0%         N/A       95%         3
 Teleport Other           Tloc           0%         N/A       95%         3
 Animate Armour           Summ/Erth      6%         N/A       99%         4
 Leda's Liquefaction      Hex/Erth       1%         N/A       99%         4
 Petrify                  Tmut/Erth      3%         N/A       99%         4
 Summon Ice Beast         Ice/Summ       0%         N/A       100%        4
 Summon Lightning Spire   Summ/Air       0%         N/A       100%        4
 Bolt of Magma            Conj/Fire/Erth 1%         4d4       100%        5
 Freezing Cloud           Conj/Ice/Air   0%         6-21      100%        5
 Lee's Rapid Deconstruct  Erth           3%         3d6*      100%        5
 Manifold Assault         Tloc           0%         N/A       100%        5
 Iron Shot                Conj/Erth      1%         9d1       100%        6
 Statue Form              Tmut/Erth      2%         N/A       100%        6
 Dragon's Call            Summ           0%         N/A       100%        9
 Shatter                  Erth           3%         3d7*      100%        9


Dungeon Overview and Level Annotations

Branches:
Dungeon (13/15)            Temple (0/1) D:7            Lair (6/6) D:10
 Shoals (0/4) Lair:3       Spider (0/4) Lair:3        Slime (0/5) Lair:5
    Orc (2/2) D:12            Elf (0/3) Orc:2        Vaults (0/5) D:13

Altars:
Hepliaklqana
Kikubaaqudgha
Makhleb
Nemelex Xobeh
Okawaru
Qazlal
Sif Muna
Vehumet
Wu Jian
Xom
Yredelemnul
Zin
Beogh
Jiyva

Shops:
Orc:2 (?*

Portals:
Hell: Lair:6

Annotations:
D:3 1 runed translucent door, Exaltedone87's ghost, amateur PaFi
Lair:4 exclusion: downstairs
Orc:2 Saint Roka


Innate Abilities, Weirdness & Mutations

You are too large for most types of armour.
You have claws for hands.
Your natural rate of healing is unusually fast.
You are covered in fur. (AC +1)
You have tough skin. (AC +1)
Armour fits poorly on your strangely shaped body.


Message History

The Council accepts your kill.
Saint Roka calls down the wrath of Beogh upon you.
Beogh smites you!
You claw Saint Roka!
Saint Roka is heavily wounded.
The ogre hits you with a +0 giant club.
You mangle Saint Roka!!
Saint Roka is heavily wounded.
Saint Roka hits you but does no damage. You block the ogre's attack.
You feel very mighty all of a sudden.
Saint Roka hits you with a +0 long sword of electrocution!
You mangle Saint Roka!!
Saint Roka is severely wounded.
You block the ogre's attack.
Saint Roka calls down the wrath of Beogh upon you.
Beogh smites you!
* * * LOW HITPOINT WARNING * * *
You mangle Saint Roka!!
Saint Roka is severely wounded.
Saint Roka invokes the aid of Beogh against you.
Beogh smites you!
* * * LOW HITPOINT WARNING * * *
You claw Saint Roka!
Saint Roka is almost dead.
You block the ogre's attack.
You claw Saint Roka!
Saint Roka is almost dead.
Saint Roka hits you with a +0 long sword of electrocution!!
* * * LOW HITPOINT WARNING * * *
You block the ogre's attack.
You closely miss Saint Roka.
Saint Roka is almost dead.
Saint Roka hits you with a +0 long sword of electrocution.
* * * LOW HITPOINT WARNING * * *
You scratch Saint Roka.
Saint Roka is almost dead.
The ogre hits you with a +0 giant club!
* * * LOW HITPOINT WARNING * * *
Saint Roka hits you with a +0 long sword of electrocution!
You die...

##≈≈8..≈#≈..#.))))#.§≈#§§.8≈≈##
#§§≈..§§#.)....8....§§#....≈§§#
#≈≈≈≈................)..).≈≈§§#
#≈≈≈≈....§.........§..§...≈≈≈≈#
#≈≈≈§..≈≈§≈≈≈≈≈§≈≈≈≈≈§§§..§§≈§#
#§≈≈...≈###############≈..§§§§#
##≈....≈##≈.8..∩..8.≈##≈)...§##
#≈..8..##§§..))O..§≈##).8..§#
#≈..o.O##≈§...@o(.§§##.)...≈#
#≈#'#)###.§.#####§§§###'#+#≈#
###........§#####§(..§....###
#.........≈≈≈≈≈≈≈(....)...##
#≈.8.....................8.≈#
#≈.#.....................#§§#
#≈≈#_.....###''o###...(._#≈§#
##§###8..##.......##..8###≈##
#≈≈.§.##...Ooo...##...§§#


You could see Saint Roka and an ogre.

Vanquished Creatures
  Rupert (Lair:5)
  Kirke (Lair:4)
  An orc warlord (Orc:1)
  Azrael (Orc:2)
  An ettin (Orc:2)
  Fannar (Lair:3)
  8 vault guards (D:13)
  Erolcha (Orc:2)
  15 hydras
  A hell beast (Lair:6)
  An ogre mage (Orc:2)
  2 boulder beetles
  A centaur warrior (D:13)
  A tengu warrior (D:13)
  4 two-headed ogres
  13 death yaks
  3 skeletal warriors
  A fire crab (shapeshifter) (D:12)
  A wizard (Lair:6)
  A deep elf pyromancer (D:12)
  A necromancer (D:12)
  9 orc sorcerers
  2 orc knights
  A manticore (D:11)
  A wolf spider (Lair:3)
  4 ugly things
  2 cyclopes
  17 elephants
  6 black mambas
  4 centaur zombies
  Maurice (D:9)
  13 cane toads
  Maggie (D:7)
  An orange demon (Lair:6)
  A torpor snail (Lair:2)
  9 rime drakes
  A tengu conjurer (D:12)
  2 ice devils (Lair:6)
  A yaktaur (D:12)
  7 komodo dragons
  2 red devils (Lair:6)
  6 trolls
  A hellwing (Lair:6)
  Prince Ribbit (D:7)
  4 blink frogs
  2 polar bears
  9 slime creatures (D:12)
  A vampire (D:11)
  3 wyverns
  2 redbacks (Lair:3)
  3 wraiths
  A centaur simulacrum (D:12)
  3 fire elementals (Orc:2)
  39 yaks
  4 basilisks
  2 vampire mosquitoes (D:12)
  4 wargs
  Menkaure (D:6)
  23 water moccasins
  2 acid dragons
  10 hell hounds
  2 black bears
  31 orc warriors
  A black bear (shapeshifter) (D:13)
  A necrophage (D:8)
  9 ogres
  17 wolves
  9 centaurs
  A phantom (D:5)
  A kobold brigand (D:11)
  17 bullfrogs
  A gnoll sergeant (D:6)
  2 scorpions
  A water moccasin zombie (D:7)
  A hornet simulacrum (D:11)
  14 wights
  8 howler monkeys
  17 orc priests
  A bullfrog skeleton (D:4)
  3 jellies
  A hound (D:6)
  A gnoll shaman (D:4)
  Crazy Yiuf (D:7)
  Jessica (D:3)
  7 hell rats (Lair:1)
  29 orc wizards
  7 gnolls
  16 adders
  A shadow imp (D:6)
  A white imp (D:6)
  An ufetubus (D:6)
  3 worms
  79 orcs
  3 ball pythons (D:3)
  9 bats
  7 endoplasms
  4 giant cockroaches
  6 goblins
  6 hobgoblins
  4 jackals (D:2)
  4 quokkas
  3 frilled lizards
  13 kobolds
  3 rats (D:1)
613 creatures vanquished.

Vanquished Creatures (collateral kills)
  2 hogs (Lair:4)
  3 yaks (Lair:4)
  A scorpion (Lair:2)
6 creatures vanquished.

Vanquished Creatures (others)
  A hydra (Lair:2)
  A komodo dragon (Lair:2)
  4 orc wizards (Orc:2)
  36 fungi
  32 plants
  2 withered plants (D:3)
76 creatures vanquished.

Grand Total: 695 creatures vanquished

Notes
Turn   | Place    | Note
-------+----------+-------------------------------------------
     0 | D:1      | dolemite99 the Troll Earth Elementalist began the quest for
                  | the Orb.
     0 | D:1      | Reached XP level 1. HP: 16/16 MP: 1/1
   191 | D:1      | Reached skill level 1 in Unarmed Combat
   208 | D:1      | Found a faded altar of an unknown god.
   221 | D:1      | Became a worshipper of the Wu Jian Council
   221 | D:1      | Reached * piety under Wu Jian
   309 | D:1      | Reached XP level 2. HP: 24/24 MP: 0/2
   404 | D:1      | Reached skill level 2 in Unarmed Combat
   906 | D:2      | Reached XP level 3. HP: 31/31 MP: 3/3
   946 | D:2      | Reached skill level 3 in Unarmed Combat
   982 | D:2      | Reached ** piety under Wu Jian
  1066 | D:2      | Reached XP level 4. HP: 39/39 MP: 1/4
  1266 | D:2      | Reached skill level 4 in Unarmed Combat
  2045 | D:3      | Noticed Jessica
  2052 | D:3      | Killed Jessica
  2053 | D:3      | Reached XP level 5. HP: 37/45 MP: 0/5
  2239 | D:3      | Found a runed translucent door.
  2240 | D:3      | Noticed Exaltedone87's ghost (amateur PaFi)
  2260 | D:3      | Reached skill level 5 in Unarmed Combat
  3082 | D:3      | Found a stormy altar of Qazlal.
  3357 | D:4      | Noticed a black bear
  3363 | D:4      | Killed a black bear
  3364 | D:4      | Reached skill level 6 in Unarmed Combat
  3364 | D:4      | Reached XP level 6. HP: 49/53 MP: 1/6
  3646 | D:4      | Found a glowing silver altar of Zin.
  3655 | D:4      | Found an ornate altar of the Wu Jian Council.
  3660 | D:4      | Reached skill level 7 in Unarmed Combat
  3898 | D:3      | Reached *** piety under Wu Jian
  4347 | D:4      | Reached XP level 7. HP: 53/59 MP: 1/7
  4832 | D:4      | Found a hazy altar of Hepliaklqana.
  4888 | D:4      | Found a burning altar of Makhleb.
  4915 | D:5      | Entered Level 5 of the Dungeon
  5191 | D:5      | Reached skill level 8 in Unarmed Combat
  5792 | D:6      | Noticed Menkaure
  6001 | D:6      | Killed Menkaure
  6002 | D:6      | Reached skill level 9 in Unarmed Combat
  6025 | D:6      | Reached XP level 8. HP: 62/67 MP: 8/8
  6244 | D:6      | Reached skill level 10 in Unarmed Combat
  6532 | D:6      | Reached skill level 11 in Unarmed Combat
  6692 | D:6      | Reached skill level 1 in Fighting
  6915 | D:7      | Reached XP level 9. HP: 80/80 MP: 9/9
  7027 | D:7      | Reached **** piety under Wu Jian
  7027 | D:7      | Noticed Maggie
  7037 | D:7      | Killed Maggie
  7502 | D:7      | Identified 2 scrolls of acquirement
  7502 | D:7      | Acquired the ring "Meitih" {rC+ rN+ Will+ Int-3}
  7505 | D:7      | Acquired +2 pearl dragon scales
  7604 | D:7      | Found a shimmering altar of Xom.
  7719 | D:7      | Found a basalt altar of Yredelemnul.
  7951 | D:7      | Noticed Prince Ribbit
  7966 | D:7      | Killed Prince Ribbit
  8360 | D:7      | Found a staircase to the Ecumenical Temple.
  8642 | D:7      | Found a runed translucent door.
  8643 | D:7      | Noticed Crazy Yiuf
  8647 | D:7      | Killed Crazy Yiuf
  9082 | D:8      | Reached skill level 5 in Armour
  9439 | D:8      | Found an iron altar of Okawaru.
  9678 | D:9      | Noticed Maurice
  9688 | D:9      | Killed Maurice
  9689 | D:9      | Reached skill level 1 in Evocations
  9689 | D:9      | Reached XP level 10. HP: 94/94 MP: 10/10
  9884 | D:9      | Identified the +3 short sword of Moral Flaws {speed, rPois
                  | rF+ Will++ Dex+3}
  9969 | D:9      | Found a sparkling altar of Nemelex Xobeh.
 10067 | D:9      | Noticed a six-headed hydra
 10075 | D:9      | Killed a six-headed hydra
 10226 | D:10     | Entered Level 10 of the Dungeon
 10244 | D:10     | Reached ***** piety under Wu Jian
 10304 | D:10     | Found a staircase to the Lair.
 10340 | D:10     | Noticed a two-headed ogre
 10350 | D:10     | Killed a two-headed ogre
 10351 | D:10     | Reached skill level 5 in Evocations
 10944 | D:10     | Reached skill level 1 in Throwing
 10969 | D:10     | Found a radiant altar of Vehumet.
 11168 | D:10     | Reached XP level 11. HP: 19/101 MP: 11/11
 11638 | D:11     | Noticed a skeletal warrior
 11639 | D:11     | Noticed a skeletal warrior
 11642 | D:11     | Noticed a skeletal warrior
 11644 | D:11     | Reached skill level 5 in Throwing
 11684 | D:11     | Noticed an orc knight
 11701 | D:10     | Killed a skeletal warrior
 12543 | D:11     | Killed an orc knight
 12640 | D:11     | Killed a skeletal warrior
 12985 | Lair:1   | Entered Level 1 of the Lair of Beasts
 13018 | Lair:1   | Noticed an eight-headed hydra
 13028 | Lair:1   | Killed an eight-headed hydra
 13029 | Lair:1   | Reached skill level 5 in Fighting
 13668 | Lair:1   | Reached XP level 12. HP: 111/111 MP: 12/12
 13715 | Lair:1   | Noticed a boulder beetle
 13740 | Lair:1   | Killed a boulder beetle
 14584 | Lair:2   | Noticed a five-headed hydra
 14600 | Lair:2   | Killed a seven-headed hydra
 14792 | Lair:2   | Noticed an eight-headed hydra
 14805 | Lair:2   | Killed an eight-headed hydra
 14966 | Lair:2   | Noticed a seven-headed hydra
 15138 | Lair:2   | Noticed a five-headed hydra
 15158 | Lair:2   | Killed a five-headed hydra
 15342 | Lair:2   | Noticed a death yak
 15617 | Lair:2   | Killed a death yak
 16233 | Lair:2   | Noticed a five-headed hydra
 16241 | Lair:2   | Killed a five-headed hydra
 16472 | Lair:3   | Noticed a seven-headed hydra
 16480 | Lair:3   | Killed a seven-headed hydra
 16658 | Lair:3   | Found a hazy altar of Hepliaklqana.
 16829 | Lair:3   | Identified the +0 kite shield "Niluruf" {rPois}
 16921 | Lair:3   | Reached skill level 1 in Shields
 16930 | Lair:3   | Reached XP level 13. HP: 85/124 MP: 10/13
 17034 | Lair:3   | Found a staircase to the Shoals.
 17052 | Lair:3   | Noticed Fannar
 17067 | Lair:3   | Killed Fannar
 17379 | Lair:3   | Found a hole to the Spider Nest.
 17620 | Lair:4   | Reached ****** piety under Wu Jian
 17673 | Lair:4   | Noticed Kirke
 17696 | Lair:4   | Noticed a sphinx
 17909 | D:12     | Found a staircase to the Orcish Mines.
 17997 | D:12     | Reached skill level 5 in Shields
 18923 | D:12     | Identified The Intricacies of Witchery
 19242 | D:13     | Identified the +2 morningstar "Waogh" {venom, rC+ Stlth+}
 19330 | D:13     | Found a gate to the Vaults.
 19702 | D:13     | Reached XP level 14. HP: 99/135 MP: 10/14
 20441 | Lair:4   | Noticed a sphinx
 20445 | Lair:4   | Killed Kirke
 21291 | Lair:5   | Noticed Rupert
 21292 | Lair:5   | Paralysed by Rupert for 4 turns
 21891 | Lair:5   | Killed Rupert
 21892 | Lair:5   | Reached skill level 12 in Unarmed Combat
 21918 | Lair:5   | Found a viscous altar of Jiyva.
 21918 | Lair:5   | Found a staircase to the Slime Pits.
 22541 | Lair:6   | Entered Level 6 of the Lair of Beasts
 22877 | Lair:5   | Reached skill level 10 in Fighting
 22942 | Lair:6   | Reached XP level 15. HP: 125/149 MP: 12/15
 23109 | Lair:6   | Identified the +9 quick blade of the Desert {vorpal, rPois
                  | rN+++ Str-4 Int-3}
 23138 | Lair:6   | Found a shimmering blue altar of Sif Muna.
 23630 | Lair:6   | Found a burning altar of Makhleb.
 23735 | Lair:6   | Found a gateway to Hell.
 24388 | Orc:1    | Entered Level 1 of the Orcish Mines
 25007 | Orc:2    | Entered Level 2 of the Orcish Mines
 25007 | Orc:2    | Noticed an orc warlord
 25029 | Orc:1    | Killed an orc warlord
 25030 | Orc:1    | Reached skill level 13 in Unarmed Combat
 25248 | Orc:2    | Found a staircase to the Elven Halls.
 25258 | Orc:2    | Found Voysokar's General Store.
 25297 | Orc:2    | Reached skill level 10 in Armour
 25433 | Orc:2    | Reached skill level 10 in Throwing
 25534 | Orc:2    | Noticed Azrael
 25552 | Orc:2    | Killed Azrael
 25917 | Orc:2    | Found Gast's Antique Weapon Shoppe.
 25945 | Orc:2    | Found a radiant altar of Vehumet.
 25945 | Orc:2    | Noticed Erolcha
 25988 | Orc:2    | Killed Erolcha
 26161 | Orc:2    | Found an ancient bone altar of Kikubaaqudgha.
 26176 | Orc:2    | Gained mutation: Armour fits poorly on your strangely
                  | shaped body. [a neqoxec]
 26343 | Orc:2    | Found Hieg's Magic Scroll Emporium.
 26369 | Orc:2    | Noticed Saint Roka
 26797 | Orc:2    | HP: 4/149 [ogre[Saint Roka] (15)]
 26797 | Orc:2    | Slain by Saint Roka

Illustrated notes

Levels and vault maps discovered:
D:1:      amcnicky_arrival_flooded_fountain, layout_basic,
          hellmonk_ecumenical_altar_inner_sanctum, st_stairs_5
D:2:      layout_loops_cross
D:3:      layout_basic, grunt_qazlal_clouds, gammafunk_ghost_grave,
          kennysheep_jessica_study
D:4:      layout_loops_ring, nicolae_overflow_quartered_altars,
          eino_tiny_chamber, st_stairs_14
D:5:      layout_rooms, dk_rats_in_the_wall
D:6:      minmay_evil_eye, layout_cave_pools, grunt_tough_drop, uniq_menkaure
D:7:      layout_layer_cave, lemuel_crystal_altar, amcnicky_altar_gilded,
          minmay_temple_entry_poolview, uniq_maggie, uniq_prince_ribbit1,
          uniq_crazy_yiuf_cottage
D:8:      layout_basic, okawaru_trees_2, serial_curves, eino_curves_01,
          eino_curves_01, minmay_misc_feat_square
D:9:      layout_long_grid, nemelex_xobeh_ov_fountains_minmay,
          hangedman_decor_clover_reticule, uniq_maurice
D:10:     layout_cave_pools, old_standard_altar, lair_entry_dummy
D:11:     layout_loops_ring, special_room [special_room_orc],
          portal_ice_cave_rime
D:12:     minmay_the_grid_octo_2x2 [minmay_the_grid_octo_toaster,
          minmay_the_grid_octo_thin_diamonds, minmay_the_grid_octo_odd_swirl,
          minmay_the_grid_octo_prize_single_spiral], layout_irregular_city,
          orc_0_dummy, serial_rivers, chequers_serial_rivers_room_b,
          chequers_serial_rivers_marsh, chequers_serial_rivers_room_a,
          chequers_serial_rivers_micro_b
D:13:     layout_rooms, erik_vaults_2
Lair:1:   layout_roguey
Lair:2:   nzn_winding_woodlands_cross [nzn_winding_woodlands_5x15_default,
          nzn_winding_woodlands_5x15_split_checker,
          nzn_winding_woodlands_5x15_default, nzn_winding_woodlands_5x15_twine,
          nzn_winding_woodlands_15x15_killbox], layout_misc_corridors,
          nzn_random_ring
Lair:3:   layout_regular_city, elwin_shoals_entry_rocks,
          spider_nest_entry_funnel_web, basic_altar, enter_volcano_3,
          st_stairs_11, uniq_fannar
Lair:4:   layout_small_grid, chequers_serial_rivers_micro_a,
          beast_lair_carwin_1, uniq_kirke
Lair:5:   layout_regular_city, slime_altar_1, chequers_serial_rivers_micro_b,
          grunt_megastairs_1, uniq_rupert
Lair:6:   evil_forest, layout_loops_ring, st_stairs_8, lemuel_centaur_altar
Orc:1:    layout_diamond_mine, nicolae_orc_rockfall
Orc:2:    kennysheep_orc_mage_school, layout_diamond_mine, serial_shops, shop,
          uniq_azrael, uniq_saint_roka

Skill      XL: |  1  2  3  4  5  6  7  8  9 10 11 12 13 14 15 |
---------------+----------------------------------------------+-----
Unarmed Combat | 1 2 3 4 6 7 9 11 12 13 | 13.0
Fighting       | 2 4 5 7 10 | 10.6
Armour         | 5 6 7 9 10 | 10.0
Evocations     | 1 5 6 7 |  7.7
Throwing       | 4 8 9 11 | 11.0
Shields        | 1 9 |  9.0
Dodging        | |  1.5
Stealth        | |  1.0
Spellcasting   | |  1.2
Transmutations | |  0.6
Earth Magic    | |  2.6

Action                   |  1- 3 |  4- 6 |  7- 9 | 10-12 | 13-15 || total
-------------------------+-------+-------+-------+-------+-------++-------
Melee: Unarmed           |   133 |    58 |   223 |   529 |   960 ||  1903
       Punch             |     1 |       |     7 |    32 |       ||    40
Throw: Boomerang         |       |       |       |    84 |   269 ||   353
       Dart              |       |       |       |    21 |     9 ||    30
       Large rock        |       |       |       |       |    64 ||    64
       Stone             |       |       |       |       |     6 ||     6
 Cast: Sandblast         |    16 |    93 |    49 |       |       ||   158
Invok: Whirlwind         |     4 |     4 |    25 |    57 |    93 ||   183
       Lunge             |     3 |     4 |    24 |    22 |    26 ||    79
       Serpent's Lash    |       |       |       |       |     2 ||     2
       Heavenly Storm    |       |       |       |       |     4 ||     4
Evoke: Wand              |       |       |       |    64 |    25 ||    89
       Box of beasts     |       |       |       |       |     1 ||     1
  Use: Scroll            |       |       |    16 |    13 |    16 ||    45
       Potion            |       |       |       |     3 |     2 ||     5
 Stab: Distracted        |     1 |       |       |       |       ||     1
       Sleeping          |       |     2 |       |       |       ||     2
       Paralysed         |       |       |       |     1 |     4 ||     5
Armor: Robe              |    61 |    33 |    30 |       |       ||   124
       Pearl dragon scal |       |       |    25 |   257 |   554 ||   836
       Skin              |       |       |       |     6 |       ||     6
Dodge: Dodged            |    57 |    50 |    62 |   172 |   242 ||   583
Block: Other             |    15 |    24 |    57 |   109 |       ||   205
       Reflection        |       |       |     6 |     1 |     4 ||    11
       Kite shield       |       |       |       |     6 |   495 ||   501

Table legend: (Time is in decaauts)
 A = Elapsed time spent in this place.
 B = Non-inter-level travel time spent in this place.
 C = Inter-level travel time spent in this place.
 D = Time resting spent in this place.
 E = Time spent auto-exploring this place.
 F = Levels seen in this place.
 G = Mean time per level.
                   A        B        C        D        E       F      G
               +--------+--------+--------+--------+--------+-----+--------+
         Total |  26555 |  25299 |   1256 |   7113 |  12742 |  21 | 1264.5 |
       Dungeon |  15756 |  14859 |    897 |   4270 |   7665 |  13 | 1212.0 |
          Lair |   8432 |   8082 |    350 |   2026 |   4231 |   6 | 1405.3 |
  Orcish Mines |   2367 |   2358 |      9 |    816 |    846 |   2 | 1183.5 |
               +--------+--------+--------+--------+--------+-----+--------+

Top non-repeatable levels by time:
  Lair:2: 2156 daAuts
     D:7: 1795 daAuts
     D:3: 1754 daAuts
   Orc:2: 1633 daAuts
    D:12: 1600 daAuts
    D:10: 1464 daAuts
  Lair:5: 1410 daAuts
  Lair:1: 1328 daAuts
     D:4: 1283 daAuts
    D:11: 1259 daAuts
  Lair:4: 1242 daAuts
  Lair:3: 1181 daAuts
  Lair:6: 1113 daAuts
     D:5: 1079 daAuts
     D:9: 996 daAuts
